 Dungeon Sprint DCSS version 0.24-a0-84-g25a2d9f (webtiles) character file.

Game seed: 8947149771414756863

7 schets the Caller (level 2, -1/21 HPs)
             Began as a Barachi Summoner on Feb 8, 2019.
             Was a Believer of Cheibriados.
             Slain by a gnoll
             ... wielding a +0 club
              (4 damage)
             ... in the Dungeon (Sprint VII: "The Pits").
             The game lasted 00:01:44 (763 turns).

schets the Caller (Barachi Summoner)                 Turns: 763, Time: 00:01:46

Health: -1/21      AC:  2    Str: 13    XL:     2   Next: 0%
Magic:  2/5        EV: 13    Int: 19    God:    Cheibriados [**....]
Gold:   0          SH:  0    Dex: 16    Spells: 5/6 levels left

rFire    . . .     SeeInvis .   m - +2 falchion
rCold    . . .     Gourm    .   (no shield)
rNeg     . . .     Faith    .   a - +0 robe
rPois    .         Spirit   .   (no helmet)
rElec    .         Reflect  .   (no cloak)
rCorr    .         Harm     .   (no gloves)
MR       .....     NoTele   +   (no boots)
Stlth    ++........             (no amulet)
HPRegen  0.07/turn              (no ring)
MPRegen  0.09/turn              (no ring)

@: very slow
A: +LOS, swims, slowness 1, strong legs 1
a: Hop, Bend Time, Renounce Religion


You were in the Dungeon.
You worshipped Cheibriados.
Cheibriados was pleased with you.
You were not hungry.

You visited 1 branch

Inventory:

Hand Weapons
 m - a +2 falchion (weapon)
Armour
 a - a +0 robe (worn)
Magical Staves
 n - an uncursed staff of energy
Scrolls
 i - a scroll of blinking
 j - 3 scrolls of remove curse
 k - 5 scrolls of amnesia
 l - a scroll of summoning
Potions
 b - 2 potions of invisibility
 d - a potion of curing
 e - a potion of heal wounds
 f - a potion of haste
 g - 4 potions of magic
 h - 3 potions of berserk rage
Comestibles
 c - 9 rations
 o - a chunk of flesh


   Skills:
 + Level 1.0 Fighting
 + Level 0.8 Armour
 + Level 2.5 Dodging
 + Level 2.1 Stealth
 + Level 2.5 Spellcasting
 * Level 5.6 Summonings
 + Level 0.6 Invocations


You had 5 spell levels left.
You knew the following spells:

 Your Spells              Type           Power        Failure   Level  Hunger
a - Summon Small Mammal   Summ           ###.         1%          1    #......

Your spell library contained the following spells:

 Spells                   Type           Power        Failure   Level  Hunger
 Call Imp                 Summ           ###.....     2%          2    ##.....
 Call Canine Familiar     Summ           ###.....     4%          3    ###....
 Summon Guardian Golem    Hex/Summ       ##......     16%         3    ###....
 Summon Ice Beast         Ice/Summ       ##......     45%         4    #####..
 Summon Lightning Spire   Summ/Air       ##......     45%         4    #####..


Dungeon Overview and Level Annotations

Branches:
Dungeon (1/1)

Altars:
Ashenzari
Cheibriados
Dithmenos
Elyvilon
Fedhas
Gozag
Hepliaklqana
Kikubaaqudgha
Makhleb
Nemelex Xobeh
Okawaru
Qazlal
Ru
Sif Muna
Trog
Uskayaw
Vehumet
Wu Jian
Xom
Yredelemnul
Zin
The Shining One
Beogh
Jiyva
Lugonu


Innate Abilities, Weirdness & Mutations

Shadows flee at your approach. (+LOS)
You can swim through water.
You cover ground slowly.
You can hop short distances.


Message History

Unknown command.
You hit the gnoll shaman.
The gnoll shaman is lightly wounded.
Your bat hits the gnoll shaman but does no damage.
Your quokka barely misses the gnoll.
Unknown command.
You closely miss the gnoll.
The gnoll is lightly wounded.
Your bat hits the gnoll shaman but does no damage. x2
The gnoll shaman hits you with a +1 whip of electrocution.
You are electrocuted!
Ouch! That really hurt!
* * * LOW HITPOINT WARNING * * *
Your quokka barely misses the gnoll.
Your bat hits the gnoll shaman but does no damage.
The gnoll barely misses your quokka.
Your bat misses the gnoll shaman.
Your quokka bites the gnoll.
The gnoll shaman calls upon its god to speed up the gnoll.
The gnoll seems to speed up.
The gnoll hits you with a +0 club.
You die...

##########'##............
#.?(.')))'.##......#..#..
##########รท##............
#...........)............
#+#####'#####......#..#..
#.....##............
#####'#####'#####++#
#..b..##.......#
#.g@rr##.......#
###g####.......#


gbr #...<...# .gg.. #.......# ......##.......# #########.......# ######### You
could see a gnoll shaman, 4 gnolls, a quokka, a bat, a friendly quokka, a
friendly bat and a friendly rat.

Vanquished Creatures
  An adder zombie (D)
  A frilled lizard (D)
2 creatures vanquished.

Vanquished Creatures (collateral kills)
  An orc (D)
  A frilled lizard (D)
  A rat (D)
3 creatures vanquished.

Grand Total: 5 creatures vanquished

Notes
Turn   | Place    | Note
-------+----------+-------------------------------------------
     0 | D        | schets the Barachi Summoner began the quest for the Orb.
     0 | D        | Reached XP level 1. HP: 13/13 MP: 3/3
   167 | D        | Reached skill level 5 in Summonings
   175 | D        | Found a bloodstained altar of Trog.
   175 | D        | Found a deep blue altar of Sif Muna.
   175 | D        | Found a viscous altar of Jiyva.
   175 | D        | Found a hazy altar of Hepliaklqana.
   175 | D        | Found an opulent altar of Gozag.
   176 | D        | Found a glowing golden altar of the Shining One.
   176 | D        | Found a glowing silver altar of Zin.
   176 | D        | Found a basalt altar of Yredelemnul.
   176 | D        | Found a shimmering altar of Xom.
   176 | D        | Found an ornate altar of the Wu Jian Council.
   176 | D        | Found a radiant altar of Vehumet.
   176 | D        | Found a sacrificial altar of Ru.
   176 | D        | Found a stormy altar of Qazlal.
   176 | D        | Found an iron altar of Okawaru.
   176 | D        | Found a sparkling altar of Nemelex Xobeh.
   176 | D        | Found a burning altar of Makhleb.
   176 | D        | Found a corrupted altar of Lugonu.
   176 | D        | Found a blossoming altar of Fedhas.
   176 | D        | Found a white marble altar of Elyvilon.
   176 | D        | Found a shadowy altar of Dithmenos.
   176 | D        | Found a snail-covered altar of Cheibriados.
   176 | D        | Found a roughly hewn altar of Beogh.
   178 | D        | Found a hide-covered altar of Uskayaw.
   178 | D        | Found an ancient bone altar of Kikubaaqudgha.
   178 | D        | Found a shattered altar of Ashenzari.
   195 | D        | Became a worshipper of Cheibriados the Contemplative
   671 | D        | Reached * piety under Cheibriados
   701 | D        | Reached skill level 1 in Fighting
   701 | D        | Reached ** piety under Cheibriados
   701 | D        | Reached XP level 2. HP: 17/21 MP: 2/5
   763 | D        | Slain by a gnoll

Levels and vault maps discovered:

Skill      XL: |  1 |
---------------+----+-----
Summonings     | 5 |  5.6
Stealth        | 2 |  2.1
Fighting       | 1 |  1.0
Armour         | |  0.8
Dodging        | |  2.5
Spellcasting   | |  2.5
Invocations    | |  0.6

Action                   || total
-------------------------++-------
Melee: Falchion          ||    18
 Cast: Summon Small Mamm ||    11
Armor: Robe              ||     5
Dodge: Dodged            ||    12
       Rpst.: Falchion   ||     4

Table legend:
 A = Non-vault XP
 B = Vault XP
 C = Vault XP percentage of total XP
 D = Non-vault monster count
 E = Vault monster count
 F = Vault count percentage of total count
                 A         B        C        D         E       F
            +---------+---------+-------+---------+---------+-------
      Total |       0 |      10 | 100.0 |       0 |       5 | 100.0
            +---------+---------+-------+---------+---------+-------
          D |       0 |      10 | 100.0 |       0 |       5 | 100.0
            +---------+---------+-------+---------+---------+-------
